Map: Orbital Shipyard

Players

IIIIIIIIIIII - Winner!

  • Race: Protoss Protoss

capac

  • Race: Terran Terran

VOD

Have the link to the VOD?

Description

Time

  • Played on: Feb. 9, 2016, 11:50 a.m.
  • Length: 13:37
Show
View Real Time Build Order
Export as new Build Order

IIIIIIIIIIII Protoss - Winner!

Build Orders: Nexus First 

Get SALT Encoding   

  12  0:01  Probe (Chrono Boost)  
  13  0:11  Probe (Chrono Boost)  
  14  0:17  Pylon  
  14  0:23  Probe (Chrono Boost)  
  16  0:35  Probe (Chrono Boost)  
  16  0:46  Probe (Chrono Boost)  
  17  0:59  Nexus  
  17  1:10  Gateway  
  17  1:14  Probe (Chrono Boost)  
  18  1:24  Probe (Chrono Boost)  
  18  1:25  Pylon  
  19  1:34  Assimilator  
  19  1:35  Probe (Chrono Boost)  
  19  1:39  Assimilator  
  20  1:46  Probe (Chrono Boost)  
  21  1:56  Probe (Chrono Boost)  
  21  1:58  Cybernetics Core  
  22  2:09  Probe (Chrono Boost)  
  22  2:13  Pylon  
  23  2:16  Probe (Chrono Boost)  
  23  2:19  Probe (Chrono Boost)  
  25  2:24  Gateway  
  25  2:26  Probe (Chrono Boost)  
  25  2:29  Pylon  
  26  2:35  Warp Gate (Chrono Boost)  
  26  2:37  Probe (Chrono Boost)  
  27  2:39  Probe (Chrono Boost)  
  28  2:47  Probe  
  29  2:53  Probe  
  30  2:59  Mothership Core  
  30  3:03  Probe  
  30  3:05  Pylon  
  33  3:14  Probe, Gateway  
  34  3:20  Probe  
  34  3:24  Probe  
  36  3:27  Assimilator  
  36  3:33  Probe, Twilight Council  
  37  3:35  Probe  
  37  3:39  Pylon  
  38  3:45  Probe x2  
  38  3:46  Pylon  
  40  3:56  Probe, Pylon  
  40  3:57  Probe  
  40  4:00  Assimilator  
  42  4:07  Probe (Chrono Boost)  
  42  4:09  Probe (Chrono Boost)  
  44  4:19  Probe (Chrono Boost)  
  45  4:24  Gateway  
  45  4:26  Templar Archives  
  45  4:33  Pylon  
  45  4:35  Pylon  
  45  4:40  Gateway  
  45  4:46  Pylon x2  
  45  4:48  Charge (Chrono Boost)  
  45  4:57  Psionic Storm  
  45  4:58  Gateway  
  45  4:59  Gateway  
  45  5:00  Gateway  
  45  5:06  Pylon  
  45  5:32  Zealot x3  
  45  5:33  Zealot  
  53  5:52  Stalker  
  55  5:59  Zealot x2  
  55  6:00  Zealot x4  
  55  6:01  Zealot  
  69  6:10  Pylon  
  69  6:11  Pylon  
  69  6:12  Pylon  
  69  6:21  Zealot x4  
  69  6:22  Zealot  
  79  6:26  Blink  
  79  6:36  High Templar x3  
  83  7:03  Nexus  
  83  7:05  Gateway, Pylon  
  83  7:07  Gateway  
  83  7:08  Gateway  
  83  7:10  Pylon  
  83  7:23  Forge x2  
  83  7:30  High Templar x3  
  83  7:32  Zealot x3  
  90  7:56  Protoss Ground Weapons Level 1, Protoss Ground Armor Level 1  
  90  8:02  Photon Cannon  
  90  8:03  Photon Cannon  
  90  8:05  Photon Cannon x2  
  90  8:15  Photon Cannon  
  90  8:20  High Templar  
  90  8:22  Zealot x2  
  96  8:34  Probe x3 (Chrono Boost)  
  99  8:44  Probe (Chrono Boost)  
  99  8:45  Probe x2 (Chrono Boost)  
  99  8:47  Dark Shrine  
  102  8:55  Probe x3 (Chrono Boost)  
  105  9:02  Photon Cannon  
  105  9:05  Probe (Chrono Boost)  
  105  9:06  Probe x2 (Chrono Boost)  
  105  9:08  Zealot  
  110  9:11  Zealot  
  110  9:16  Probe x3 (Chrono Boost)  
  115  9:24  Assimilator  
  115  9:26  Probe (Chrono Boost)  
  115  9:27  Probe x2 (Chrono Boost)  
  115  9:30  Pylon  
  118  9:37  Probe x3 (Chrono Boost)  
  121  9:40  Assimilator  
  121  9:41  Pylon  
  121  9:42  Pylon  
  121  9:47  Probe (Chrono Boost)  
  121  9:48  Probe x2 (Chrono Boost)  
  124  9:52  Stalker  
  124  9:53  Stalker x4  
  124  9:56  Stalker  
  124  9:58  Probe x3 (Chrono Boost)  
  139  10:06  Photon Cannon  
  139  10:08  Probe (Chrono Boost), Photon Cannon  
  139  10:09  Probe (Chrono Boost)  
  139  10:12  Photon Cannon  
  141  10:21  Stalker x2  
  141  10:22  Stalker  
  141  10:25  Stalker x2  
  151  10:28  Stalker  
  151  10:32  Protoss Ground Armor Level 2  
  151  10:34  Protoss Ground Weapons Level 2  
  151  10:54  Zealot  
  151  10:55  Zealot x5  
  151  10:56  Zealot x2  
  151  10:57  Zealot x2  
  169  10:59  Zealot  
  173  11:12  Gateway x2  
  173  11:13  Gateway  
  173  11:20  Pylon  
  173  11:23  Pylon  
  173  11:42  Stalker x2  
  173  11:43  Stalker x5  
  173  11:44  Stalker x2  
  191  12:02  High Templar x2  
  105  13:30  Archon  
Show
View Real Time Build Order
Export as new Build Order

capac Terran 

Build Orders: Bio Tank 

Get SALT Encoding   

  12  0:01  SCV  
  13  0:13  SCV  
  14  0:19  Supply Depot  
  14  0:25  SCV  
  15  0:40  SCV  
  15  0:42  Barracks  
  16  0:53  Refinery  
  16  0:54  SCV  
  17  1:06  SCV  
  18  1:22  SCV  
  19  1:33  Supply Depot  
  19  1:36  Marine, Command Center  
  20  1:47  Orbital Command  
  20  2:03  Marine  
  21  2:14  SCV  
  22  2:23  Marine  
  22  2:26  Factory  
  23  2:34  SCV  
  24  2:46  SCV  
  24  2:50  Barracks  
  24  2:51  SCV  
  26  2:52  Barracks  
  26  2:54  Refinery  
  26  3:00  SCV  
  27  3:07  Orbital Command  
  27  3:10  Marine  
  27  3:12  Factory Tech Lab  
  28  3:13  SCV  
  29  3:25  SCV  
  30  3:27  Marine  
  31  3:37  SCV x2  
  31  3:39  Starport  
  33  3:41  Barracks Reactor  
  33  3:42  Barracks Tech Lab  
  33  3:49  SCV x2  
  33  3:50  Barracks Reactor  
  35  3:58  Refinery, Siege Tank  
  35  4:01  SCV x2  
  40  4:13  SCV x2, Stimpack  
  40  4:17  Marine  
  42  4:19  Marine  
  42  4:20  Marine  
  45  4:39  Marine  
  45  4:45  Supply Depot  
  46  4:47  Supply Depot  
  46  4:49  Liberator  
  46  4:52  Command Center  
  46  4:53  Refinery  
  46  5:06  Marine x3  
  54  5:07  Marauder  
  54  5:08  Supply Depot  
  54  5:09  Marine  
  54  5:10  Siege Tank  
  54  5:12  Supply Depot  
  58  5:14  SCV  
  58  5:15  SCV  
  60  5:24  Marine x2  
  62  5:35  Marine  
  62  5:36  Marine x2  
  62  5:41  Supply Depot  
  62  5:42  SCV x2  
  67  6:00  Marine x3  
  70  6:12  Bunker  
  70  6:13  Combat Shields  
  70  6:15  SCV  
  70  6:16  SCV  
  72  6:23  Medivac  
  73  6:34  Orbital Command  
  73  6:39  Marine x3  
  76  6:40  Marine x2  
  76  6:43  Siege Tank  
  81  6:50  Engineering Bay  
  81  6:54  Engineering Bay, SCV x2  
  81  6:56  Liberator  
  81  6:59  Marine x4  
  81  7:01  Marine  
  88  7:06  SCV  
  88  7:07  Supply Depot  
  89  7:15  Siege Tank  
  95  7:43  Marine x3  
  95  7:44  Marine  
  99  7:45  Marauder  
  99  7:47  Siege Tank  
  99  7:48  Terran Infantry Weapons Level 1  
  99  7:49  Terran Infantry Armor Level 1  
  99  7:50  Armory  
  104  7:54  Supply Depot  
  104  8:05  Marine  
  104  8:06  Starport, Marine x4  
  104  8:07  Starport  
  109  8:19  Siege Tank  
  112  8:27  SCV x2  
  112  8:31  SCV  
  115  8:39  SCV x2  
  115  8:40  Starport Reactor  
  117  8:42  Starport Reactor  
  117  8:44  Starport Reactor  
  117  8:48  Supply Depot x2  
  117  8:58  Terran Vehicle Weapons Level 1  
  117  9:00  Supply Depot  
  117  9:05  Liberator x2  
  117  9:10  SCV x3  
  117  9:16  Supply Depot  
  120  9:17  Supply Depot  
  120  9:18  Medivac x2  
  120  9:22  Medivac x2  
  120  9:23  Refinery  
  134  9:26  Armory  
  134  9:28  SCV x3  
  137  9:33  Marine x4  
  137  9:37  Marine  
  142  9:40  Supply Depot x2  
  142  9:42  Terran Infantry Weapons Level 2  
  142  9:50  Terran Infantry Armor Level 2  
  142  9:56  Liberator x2, Siege Tank  
  151  10:16  Marine x5  
  156  10:28  Siege Tank  
  156  10:34  Marine  
  160  11:07  Marine x2  
  160  11:08  Marine x3  
  165  11:12  Supply Depot  
  165  11:13  Supply Depot  
  165  11:25  Marine  
  166  11:39  Liberator x4  
  99  11:40  Liberator  
  166  11:46  Command Center  
  166  11:54  Marine x4  
  166  11:55  Siege Tank  
  138  12:27  Siege Tank  
  125  12:38  Missile Turret  
  98  13:12  SCV x2  
  99  13:13  SCV  
  99  13:17  Marine x2  
  99  13:18  Marine x3  
  105  13:24  SCV  
  105  13:25  SCV x2  
Tags
 
Add a new tag
Caveats
  • Supply blocks, unpowered buildings, or Contaminate may cause inaccurate times.
  • Supply counts are checked every 10 seconds.